 Dungeon Crawl Stone Soup version 0.18-a0-1353-gf2a912f (webtiles) character file.

136 Oddball22 the Magician (level 4, -18/30 HPs)
             Began as a High Elf Skald on Feb 19, 2016.
             Demolished by an ogre
             ... wielding a +0 giant spiked club
              (20 damage)
             ... on level 4 of the Dungeon.
             The game lasted 00:09:56 (4337 turns).

Oddball22 the Magician (High Elf Skald)             Turns: 4337, Time: 00:09:56

Health: -18/30     AC:  3    Str: 11    XL:     4   Next: 98%
Magic:  3/11       EV: 12    Int: 15    God:
Gold:   229        SH:  0    Dex: 16    Spells: 5 memorised, 0 levels left

rFire  . . .     SeeInvis .     a - +0 short sword
rCold  . . .     Gourm    +     b - +0 leather armour
rNeg   . . .     Faith    .     (no shield)
rPois  .         Spirit   .     (no helmet)
rElec  .         Dismiss  .     (no cloak)
rCorr  .         Reflect  .     (no gloves)
SustAt .         Harm     .     (no boots)
MR     .....                    l - amulet of the gourmand
Stlth  +.........               (no ring)
                                (no ring)

@: infused, drained, not resistant to hostile enchantments, very unstealthy
A: no striking features
a: no special abilities


You were on level 4 of the Dungeon.
You were full.

You visited 1 branch of the dungeon, and saw 4 of its levels.
You also visited: Ossuary.

You collected 229 gold pieces.

Inventory:

Hand Weapons
 a - a +0 short sword (weapon)
Missiles
 q - 14 arrows
 s - 13 poisoned needles
Armour
 b - a +0 leather armour (worn)
Jewellery
 l - an amulet of the gourmand (around neck)
 p - an uncursed amulet of harm
Wands
 m - a wand of digging (14/24)
Scrolls
 f - 2 scrolls of identify {unknown}
 g - a scroll of noise {unknown}
 h - 3 scrolls of immolation {unknown}
 i - 2 scrolls of magic mapping {unknown}
 j - 2 scrolls of remove curse {unknown}
 k - a scroll of recharging {unknown}
 n - a scroll of amnesia {unknown}
 o - a scroll of fog {unknown}
 r - a scroll of blinking {unknown}
 t - a scroll of random uselessness {unknown}
Books
 c - a book of Battle

   Spells                             Type                      Level
   a - Infusion                       Charms                       1
   b - Shroud of Golubria             Charms/Translocation         2
   c - Song of Slaying                Charms                       2
   d - Spectral Weapon                Hexes/Charms                 3
   e - Regeneration                   Charms/Necromancy            3
Comestibles
 d - 4 bread rations
 u - a meat ration


   Skills:
 + Level 2.6(1.5) Fighting
 + Level 3.4(2.3) Short Blades
 - Level 0.8(0.0) Armour
 + Level 2.5(1.5) Dodging
 * Level 4.2(3.0) Spellcasting
 - Level 3.6(2.5) Charms


You couldn't memorise any spells.
You knew the following spells:

 Your Spells              Type           Power        Failure   Level  Hunger
a - Infusion              Chrm           #...         12%         1    #......
b - Song of Slaying       Chrm           #.......     17%         2    ##.....
c - Shroud of Golubria    Chrm/Tloc      #.........   24%         2    ##.....
d - Regeneration          Chrm/Necr      #.........   47%         3    ###....
e - Spectral Weapon       Hex/Chrm       #.......     47%         3    ###....


Dungeon Overview and Level Annotations

Branches:
Dungeon (4/15)
 Temple: D:4-7

Altars:

Shops:
D:4 *


Message History

The ogre is moderately wounded.
You hit the ogre.
The ogre is heavily wounded.
The ogre hits you with a giant spiked club!!
Ouch! That really hurt!
* * * LOW HITPOINT WARNING * * *
Your shroud falls apart!
You hit the ogre!
The ogre is severely wounded.
The ogre completely misses you.
You hit the ogre.
The ogre is almost dead.
You barely miss the ogre.
The ogre is almost dead.
The ogre barely misses you.
You hit the ogre.
The ogre is almost dead.
The ogre hits you with a giant spiked club!!
Ouch! That really hurt!
You die...

####+ #.#..#....
#...# ##....#...#
#.>. ......#...#
... #.#%.....####
#####
........##...#...#
#......##.>.#...#
#....#..#...#...##
. #..O@#..+#
####'# ..##..#.#.#
#######.# ....
#.#.###.......#
?.#..
#.....###.#####
#.#≈≈≈#...#.# #.#
#.≈≈≈≈≈...#.# #.#
....∩≈≈..##.###.#
##≈≈≈≈≈.###.....#
##≈≈≈#.# ###.###


You could see an ogre.

Vanquished Creatures
  A giant frog skeleton (D:4)
  Terence (D:2)
  2 adders
  2 oozes
  An adder zombie (Ossuary)
  A worm (D:3)
  3 giant geckos
  An orc (D:3)
  2 giant cockroaches
  3 goblins
  7 hobgoblins
  5 kobolds
  3 quokkas
  7 bats
  A giant newt (D:1)
  A hobgoblin zombie (Ossuary)
  An orc zombie (Ossuary)
  A quokka skeleton (D:4)
  8 rats
51 creatures vanquished.

Notes
Turn   | Place    | Note
--------------------------------------------------------------
     0 | D:1      | Oddball22 the High Elf Skald began the quest for the Orb.
     0 | D:1      | Reached XP level 1. HP: 14/14 MP: 4/4
   543 | D:1      | Reached XP level 2. HP: 17/19 MP: 1/6
  1392 | D:2      | Reached XP level 3. HP: 20/24 MP: 5/8
  1584 | D:2      | Learned a level 2 spell: Song of Slaying
  1587 | D:2      | Learned a level 2 spell: Shroud of Golubria
  1591 | D:2      | Learned a level 3 spell: Regeneration
  2069 | D:2      | Noticed Terence
  2103 | D:2      | Killed Terence
  2342 | D:2      | Reached XP level 4. HP: 30/30 MP: 10/10
  3479 | D:4      | Reached skill level 4 in Spellcasting
  3528 | D:4      | Learned a level 3 spell: Spectral Weapon
  3577 | D:4      | Found a sand-covered staircase.
  3582 | Ossuary  | Entered an ossuary
  4192 | D:4      | Found Rukegewn's Assorted Antiques.
  4192 | D:4      | Noticed an ogre
  4333 | D:4      | HP: 1/30 [ogre/giant spiked club (29)]
  4337 | D:4      | Demolished by an ogre

Vault maps used:
D:1:      matt_arrival_refuge
D:2:      first_bread, minivault_19, grunt_ministairs_12, uniq_terence
D:4:      nicolae_ossuary_entry_false_entrances, serial_shops,
          nicolae_shop_waterfront, tso_metal_star
Ossuary:  ossuary_tomb_2

Action                   |  1- 3 |  4- 6 || total
-------------------------+-------+-------++-------
Melee: Short sword       |   115 |    98 ||   213
 Cast: Infusion          |     8 |     7 ||    15
       Shroud of Golubri |     3 |     3 ||     6
       Song of Slaying   |       |     2 ||     2
  Use: Potion            |     1 |     3 ||     4
 Stab: Sleeping          |     2 |       ||     2
  Eat: Chunk             |     8 |    10 ||    18
